 Dungeon Crawl Stone Soup version 0.27-a0-1184-ge86db4a01e (webtiles) character file.

Game seed: 10747321367278742000

7 Shayle the Magician (level 1, 0/11 HPs)
             Began as a Deep Elf Hedge Wizard on May 18, 2021.
             Slain by a jackal (2 damage)
             ... on level 1 of the Dungeon.
             The game lasted 00:01:16 (205 turns).

Shayle the Magician (Deep Elf Hedge Wizard)          Turns: 205, Time: 00:01:16

Health: 0/11       AC:  2    Str:  7    XL:     1   Next: 91%
Magic:  0/8        EV: 12    Int: 18    God:
Gold:   0          SH:  0    Dex: 14    Spells: 8/9 levels left

rFire    . . .     SeeInvis .   a - +0 dagger
rCold    . . .     Faith    .   (no shield)
rNeg     . . .     Spirit   .   b - +0 robe
rPois    .         Reflect  .   c - +0 hat
rElec    .         Harm     .   (no cloak)
rCorr    .         Rampage  .   (no gloves)
Will     .....                  (no boots)
Stlth    ++........             (no amulet)
HPRegen  0.03/turn              (no ring)
MPRegen  0.11/turn              (no ring)

@: no status effects
A: no striking features
a: no special abilities


You were on level 1 of the Dungeon.
You visited 1 branch of the dungeon, and saw 1 of its levels.

Inventory:

Hand Weapons
 a - a +0 dagger (weapon)
Armour
 b - a +0 robe (worn)
 c - a +0 hat (worn)
Jewellery
 f - a ring of fire
Scrolls
 d - a scroll of fog {unknown}
 e - a scroll of identify {unknown}


   Skills:
 + Level 0.4 Fighting
 + Level 2.6 Dodging
 - Level 2.4 Stealth
 + Level 4.5 Spellcasting
 + Level 1.4 Conjurations
 - Level 1.1 Summonings
 - Level 1.1 Translocations


You had 8 spell levels left.
You knew the following spells:

 Your Spells              Type           Power      Damage    Failure   Level
a - Magic Dart            Conj           36%        1d4       8%          1

Your spell library contained the following spells:

 Spells                   Type           Power      Damage    Failure   Level
 Blink                    Tloc           N/A        N/A       13%         2
 Call Imp                 Summ           8%         N/A       13%         2
 Slow                     Hex            4%         N/A       22%         2
 Conjure Flame            Conj/Fire      6%         6-21      30%         3
 Mephitic Cloud           Conj/Pois/Air  5%         N/A       34%         3


Dungeon Overview and Level Annotations

Branches:
Dungeon (1/15)

Altars:


Message History

Confirm with . or Enter, or press ? or * to list all spells.
Aiming: Magic Dart (safe; 8% risk of failure)
Press: ? - help, Shift-Dir - straight line, f - jackal
Aim: a jackal (100% to hit)
The magic dart hits the jackal.
The jackal is moderately wounded.
The jackal barely misses you.
Casting: Magic Dart (safe; 8% risk of failure)
Confirm with . or Enter, or press ? or * to list all spells.
Aiming: Magic Dart (safe; 8% risk of failure)
Press: ? - help, Shift-Dir - straight line, f/p - jackal
Aim: a jackal (moderately wounded, 100% to hit)
The magic dart hits the jackal.
The jackal is severely wounded.
The jackal bites you.
You closely miss the jackal.
The jackal is severely wounded.
The jackal bites you. x2
Casting: Magic Dart (safe; 8% risk of failure)
Confirm with . or Enter, or press ? or * to list all spells.
Aiming: Magic Dart (safe; 8% risk of failure)
Press: ? - help, Shift-Dir - straight line, f/p - jackal
Aim: a jackal (severely wounded, 100% to hit)
The magic dart hits the jackal but does no damage.
The jackal is severely wounded.
The jackal misses you.
You hit the jackal but do no damage.
The jackal is severely wounded.
The jackal bites you.
You hit the jackal.
The jackal is almost dead.
The jackal misses you. The jackal barely misses you.
You barely miss the jackal.
The jackal is almost dead.
The jackal bites you.
* * * LOW HITPOINT WARNING * * *
You barely miss the jackal.
The jackal is almost dead.
The jackal completely misses you. The jackal bites you.
You die...

#. #.# . #.# .. #.#
.... #.#####..
##(.....###.
##...#....... #....@h#
#......# ..
#......#..#
##........# ##########
##........ #..†.....#
#.##......
#.###.##.####..####.##
##.##.#......#.#.###.#
...#.###.............#


You could see a jackal.

Vanquished Creatures
  A bat (D:1)
  A hobgoblin (D:1)
  2 jackals (D:1)
  A quokka (D:1)
  A kobold (D:1)
6 creatures vanquished.

Notes
Turn   | Place    | Note
-------+----------+-------------------------------------------
     0 | D:1      | Shayle the Deep Elf Hedge Wizard began the quest for the
                  | Orb.
     0 | D:1      | Reached XP level 1. HP: 10/10 MP: 7/7
   205 | D:1      | Slain by a jackal

Illustrated notes

Levels and vault maps discovered:
D:1:      saegor_arrival_simple_c, layout_loops_cross

Action                   || total
-------------------------++-------
Melee: Dagger            ||     6
 Cast: Magic Dart        ||    19
Armor: Robe              ||     1
Dodge: Dodged            ||     9

Table legend: (Time is in decaauts)
 A = Elapsed time spent in this place.
 B = Non-inter-level travel time spent in this place.
 C = Inter-level travel time spent in this place.
 D = Time resting spent in this place.
 E = Time spent auto-exploring this place.
 F = Levels seen in this place.
 G = Mean time per level.
                   A        B        C        D        E       F      G
               +--------+--------+--------+--------+--------+-----+--------+
         Total |    205 |    205 |      0 |      0 |    163 |   1 |  205.0 |
       Dungeon |    205 |    205 |      0 |      0 |    163 |   1 |  205.0 |
               +--------+--------+--------+--------+--------+-----+--------+

Top non-repeatable levels by time:
     D:1: 205 daAuts
